 Dungeon Crawl Stone Soup version 0.21-a0-346-g330ab2c (webtiles) character file.

1323 superterranean the Insei (level 8, 0/60 HPs)
             Began as a Gnoll Transmuter on Oct 5, 2017.
             Slain by an orc warrior
             ... wielding a cursed -2 battleaxe
              (18 damage)
             ... on level 6 of the Dungeon.
             The game lasted 00:15:01 (5561 turns).

superterranean the Insei (Gnoll Transmuter)         Turns: 5561, Time: 00:15:01

Health: 0/60       AC:  7    Str: 16    XL:     8   Next: 59%
Magic:  17/17      EV: 15    Int: 17    God:
Gold:   294        SH:  0    Dex: 16    Spells: 15/19 levels left

rFire    . . .     SeeInvis .   y - +6 spear of the Spider Nest {elec, Str+3 Stlth+}
rCold    . . .     Gourm    .   (no shield)
rNeg     . . .     Faith    .   g - +0 leather armour
rPois    .         Spirit   .   (no helmet)
rElec    .         Reflect  .   f - +0 cloak
rCorr    .         Harm     .   (no gloves)
MR       .....                  w - +0 pair of boots
Stlth    +++.......             (no amulet)
HPRegen  0.20/turn              h - +2 ring of protection
MPRegen  0.15/turn              (no ring)

@: no status effects
A: distributed training, fangs 1, strong nose
a: no special abilities


You were on level 6 of the Dungeon.
You were not hungry.

You visited 2 branches of the dungeon, and saw 7 of its levels.

You collected 294 gold pieces.

Inventory:

Hand Weapons
 q - a +3 whip
 u - a +0 trident of protection
 y - the +6 spear of the Spider Nest (weapon) {elec, Str+3 Stlth+}
   (You found it on level 6 of the Dungeon)

   Occasionally, upon striking a foe, it will discharge some electrical energy
   and cause terrible harm.
   It affects your strength (+3).
   It makes you more stealthy.
Missiles
 a - 68 arrows
Armour
 b - a +0 robe
 f - a +0 cloak (worn)
 g - a +0 leather armour (worn)
 w - a +0 pair of boots (worn)
Jewellery
 h - a +2 ring of protection (left hand)
 x - an uncursed ring of ice
Scrolls
 e - 8 scrolls of identify
 j - 5 scrolls of enchant armour {unknown}
 k - 4 scrolls of remove curse {unknown}
 n - a scroll of immolation {unknown}
 o - a scroll of random uselessness {unknown}
 p - a scroll of enchant weapon {unknown}
 r - 2 scrolls of teleportation {unknown}
 t - 2 scrolls of blinking {unknown}
 v - a scroll of summoning {unknown}
Potions
 i - 3 potions of might {unknown}
 s - a potion of brilliance {unknown}
 A - a potion of agility {unknown}
Books
 c - a book of Changes

   Spells                             Type                      Level
   a - Beastly Appendage              Transmutation                1
   b - Sticks to Snakes               Transmutation                2
   c - Spider Form                    Transmutation/Poison         3
   d - Ice Form                       Ice/Transmutation            4
   e - Blade Hands                    Transmutation                5
Comestibles
 d - 8 bread rations
 l - 2 royal jellies
 m - 4 meat rations
 z - a fruit
 B - 6 chunks of flesh


   Skills:
 + Level 4.3 Fighting
 + Level 3.3 Short Blades
 + Level 3.3 Long Blades
 + Level 3.3 Axes
 + Level 3.3 Maces & Flails
 + Level 3.3 Polearms
 + Level 3.3 Staves
 + Level 3.3 Slings
 + Level 3.3 Bows
 + Level 3.3 Crossbows
 + Level 3.3 Throwing
 + Level 3.3 Armour
 + Level 5.7 Dodging
 + Level 3.3 Stealth
 + Level 3.3 Shields
 + Level 7.4 Unarmed Combat
 + Level 6.1 Spellcasting
 + Level 3.3 Conjurations
 + Level 3.3 Hexes
 + Level 3.3 Charms
 + Level 3.3 Summonings
 + Level 3.3 Necromancy
 + Level 3.3 Translocations
 + Level 5.7 Transmutations
 + Level 3.3 Fire Magic
 + Level 3.3 Ice Magic
 + Level 3.3 Air Magic
 + Level 3.3 Earth Magic
 + Level 3.3 Poison Magic
 + Level 3.3 Invocations
 + Level 3.3 Evocations


You had 15 spell levels left.
You knew the following spells:

 Your Spells              Type           Power        Failure   Level  Hunger
a - Beastly Appendage     Tmut           ###...       1%          1    None
b - Spider Form           Tmut/Pois      ###.......   7%          3    ##.....


Dungeon Overview and Level Annotations

Branches:
Dungeon (6/15)             Temple (1/1) D:4

Altars:
Ashenzari
Cheibriados
Dithmenos
Elyvilon
Gozag
Hepliaklqana
Kikubaaqudgha
Makhleb
Nemelex Xobeh
Qazlal
Ru
Uskayaw
Vehumet
Wu Jian
Yredelemnul
Zin

Annotations:
D:5 STERN's ghost, novice GnFi
D:6 2 transporters


Innate Abilities, Weirdness & Mutations

Your experience applies equally to all skills.
You have very sharp teeth.
Your uncanny sense of smell can sniff out nearby items.


Message History

You hit the orc warrior but do no damage.
You punch the orc warrior, but do no damage.
The orc warrior is heavily wounded.
The orc closely misses you.
You hit the orc warrior but do no damage.
The orc warrior is heavily wounded.
The orc warrior misses you. The orc completely misses you.
You hit the orc warrior but do no damage.
The orc warrior is heavily wounded.
The orc warrior hits you but does no damage.
You closely miss the orc warrior.
The orc warrior is heavily wounded.
The orc barely misses you. The orc closely misses you.
You puncture the orc!
You kill the orc!
You closely miss the orc warrior.
The orc warrior is heavily wounded.
The orc warrior hits you with a battleaxe!!
You die...

#.##... #.##.>. #####
#.##... ### ####...##
#...... ..
#.......########## #.
#.....©....#
####.#####..#######.##
#......)o#..#8.©.8#..#
#......#.#@.#P./.P#..#
##......#.o(.###+###..##
........#....#;...;#...#
........#.)).#≈...≈#.#.# ###
###.....#....#≈≈≈P≈#.#.###..
###.###....#≈≈♣≈≈#.#.#....
.. #....#≈≈P≈≈#.#.#.#.. ##.
#....#≈PP≈≈#...#.### ..
#....#≈P≈P≈#.....#


You could see an orc warrior and 2 electric eels.

Vanquished Creatures
  A phantom (D:6)
  An orc warrior (D:6)
  A black bear (D:6)
  An ogre (D:4)
  A centaur (D:6)
  3 wights
  A howler monkey (D:4)
  A crimson imp (D:5)
  A hound (D:4)
  A gnoll shaman (D:4)
  4 orc priests
  4 orc wizards
  An iguana (D:4)
  2 worker ants (D:6)
  A howler monkey zombie (D:5)
  A worker ant zombie (D:5)
  11 gnolls
  9 adders
  An ooze (D:1)
  An adder skeleton (D:4)
  A worm (D:3)
  2 dart slugs
  5 leopard geckos
  15 orcs
  8 giant cockroaches
  8 goblins
  4 hobgoblins
  A jackal (D:2)
  A quokka (D:2)
  2 ball pythons (D:1)
  12 bats
  2 frilled lizards
  7 kobolds
  6 rats
121 creatures vanquished.

Notes
Turn   | Place    | Note
-------+----------+-------------------------------------------
     0 | D:1      | superterranean the Gnoll Transmuter began the quest for the Orb.
     0 | D:1      | Reached XP level 1. HP: 17/17 MP: 6/6
   232 | D:1      | Reached XP level 2. HP: 19/23 MP: 7/7
   612 | D:1      | Reached XP level 3. HP: 22/28 MP: 9/9
   616 | D:1      | Reached skill level 5 in Spellcasting
  1372 | D:2      | Reached skill level 1 in Short Blades
  1372 | D:2      | Reached skill level 1 in Long Blades
  1372 | D:2      | Reached skill level 1 in Axes
  1372 | D:2      | Reached skill level 1 in Maces & Flails
  1372 | D:2      | Reached skill level 1 in Polearms
  1372 | D:2      | Reached skill level 1 in Staves
  1372 | D:2      | Reached skill level 1 in Slings
  1372 | D:2      | Reached skill level 1 in Bows
  1372 | D:2      | Reached skill level 1 in Crossbows
  1372 | D:2      | Reached skill level 1 in Throwing
  1372 | D:2      | Reached skill level 1 in Armour
  1372 | D:2      | Reached skill level 1 in Stealth
  1372 | D:2      | Reached skill level 1 in Shields
  1372 | D:2      | Reached skill level 1 in Conjurations
  1372 | D:2      | Reached skill level 1 in Hexes
  1372 | D:2      | Reached skill level 1 in Charms
  1372 | D:2      | Reached skill level 1 in Summonings
  1372 | D:2      | Reached skill level 1 in Necromancy
  1372 | D:2      | Reached skill level 1 in Translocations
  1372 | D:2      | Reached skill level 1 in Fire Magic
  1372 | D:2      | Reached skill level 1 in Ice Magic
  1372 | D:2      | Reached skill level 1 in Air Magic
  1372 | D:2      | Reached skill level 1 in Earth Magic
  1372 | D:2      | Reached skill level 1 in Poison Magic
  1372 | D:2      | Reached skill level 1 in Invocations
  1372 | D:2      | Reached skill level 1 in Evocations
  1516 | D:2      | Reached XP level 4. HP: 32/34 MP: 11/11
  1826 | D:2      | Reached XP level 5. HP: 31/40 MP: 12/12
  2566 | D:3      | Learned a level 3 spell: Spider Form
  2620 | D:3      | Reached XP level 6. HP: 24/47 MP: 10/13
  2971 | D:4      | Reached skill level 5 in Dodging
  2971 | D:4      | Reached skill level 5 in Transmutations
  3142 | D:4      | Reached XP level 7. HP: 28/52 MP: 12/15
  3194 | D:4      | Reached skill level 7 in Unarmed Combat
  3445 | D:4      | Found a staircase to the Ecumenical Temple.
  3493 | Temple   | Entered the Ecumenical Temple
  3843 | D:5      | Entered Level 5 of the Dungeon
  4743 | D:6      | Reached XP level 8. HP: 27/60 MP: 12/16
  5014 | D:5      | Noticed STERN's ghost (novice GnFi)
  5411 | D:6      | Got a pitted spear
  5412 | D:6      | Identified the +6 spear of the Spider Nest {elec, Str+3 Stlth+} (You found it on level 6 of the Dungeon)
  5479 | D:6      | Found a transporter.
  5492 | D:6      | Found a transporter.
  5561 | D:6      | Slain by an orc warrior

Vault maps used:
D:1:      dpeg_arrival_arbitrary_c
D:2:      minmay_mini_jars
D:3:      first_bread
D:4:      minmay_temple_entry_overgrown
D:6:      gammafunk_steamed_eel
Temple:   lightli_temple_of_artemis

Skill      XL: |  1  2  3  4  5  6  7  8 |
---------------+-------------------------+-----
Spellcasting   | 5 6 |  6.1
Short Blades   | 1 2 3 |  3.3
Long Blades    | 1 2 3 |  3.3
Axes           | 1 2 3 |  3.3
Maces & Flails | 1 2 3 |  3.3
Polearms       | 1 2 3 |  3.3
Staves         | 1 2 3 |  3.3
Slings         | 1 2 3 |  3.3
Bows           | 1 2 3 |  3.3
Crossbows      | 1 2 3 |  3.3
Throwing       | 1 2 3 |  3.3
Armour         | 1 2 3 |  3.3
Stealth        | 1 2 3 |  3.3
Shields        | 1 2 3 |  3.3
Conjurations   | 1 2 3 |  3.3
Hexes          | 1 2 3 |  3.3
Charms         | 1 2 3 |  3.3
Summonings     | 1 2 3 |  3.3
Necromancy     | 1 2 3 |  3.3
Translocations | 1 2 3 |  3.3
Fire Magic     | 1 2 3 |  3.3
Ice Magic      | 1 2 3 |  3.3
Air Magic      | 1 2 3 |  3.3
Earth Magic    | 1 2 3 |  3.3
Poison Magic   | 1 2 3 |  3.3
Invocations    | 1 2 3 |  3.3
Evocations     | 1 2 3 |  3.3
Fighting       | 3 4 |  4.3
Dodging        | 5 |  5.7
Transmutations | 5 |  5.7
Unarmed Combat | 7 |  7.4

Action                   |  1- 3 |  4- 6 |  7- 9 || total
-------------------------+-------+-------+-------++-------
Melee: Unarmed           |   129 |    84 |    11 ||   224
       Bite              |    12 |     6 |    20 ||    38
       Punch             |     1 |     5 |     7 ||    13
       Kick              |     2 |     7 |       ||     9
       Headbutt          |       |     3 |       ||     3
       Whip              |       |    69 |    26 ||    95
       Trident           |       |       |   167 ||   167
       Spear             |       |       |    33 ||    33
Throw: Throwing net      |       |       |     1 ||     1
 Cast: Beastly Appendage |     5 |     8 |       ||    13
       Spider Form       |       |     4 |     1 ||     5
  Use: Scroll            |       |       |     1 ||     1
       Potion            |       |       |     1 ||     1
 Stab: Sleeping          |     1 |     3 |     2 ||     6
       Distracted        |       |       |     2 ||     2
  Eat: Chunk             |     1 |     6 |     4 ||    11
       Fruit             |       |       |     3 ||     3
       Royal jelly       |       |       |     1 ||     1
Armor: Leather armour    |    27 |    36 |    33 ||    96
       Robe              |     3 |       |       ||     3
       Skin              |       |     2 |    55 ||    57
Dodge: Dodged            |   114 |   125 |   163 ||   402

Table legend:
 A = Spawn XP
 B = Non-spawn XP
 C = Spawn XP percentage of total XP
 D = Spawn monster count
 E = Non-spawn monster count
 F = Spawn count percentage of total count
 G = Total turns spent on level
                    A         B        C        D         E        F      G
               +---------+---------+-------+---------+---------+-------+---------
         Total |       0 |    1890 |   0.0 |       0 |     121 |   0.0 |  5561
               +---------+---------+-------+---------+---------+-------+---------
           D:1 |       0 |      46 |   0.0 |       0 |      25 |   0.0 |   941
           D:2 |       0 |     149 |   0.0 |       0 |      29 |   0.0 |  1095
           D:3 |       0 |     141 |   0.0 |       0 |      19 |   0.0 |   857
           D:4 |       0 |     473 |   0.0 |       0 |      22 |   0.0 |   982
           D:5 |       0 |     232 |   0.0 |       0 |       8 |   0.0 |  1116
           D:6 |       0 |     849 |   0.0 |       0 |      18 |   0.0 |   466
               +---------+---------+-------+---------+---------+-------+---------
